 Dungeon Crawl Stone Soup version 0.31.0-9-g3a7656b989 (webtiles) character file.

Game seed: 10897191176384805172

156 qw the Skirmisher (level 5, -1/29 HPs)
             Began as a Deep Elf Hunter on Feb 3, 2024.
             Succumbed to a scorpion's poison
             ... on level 4 of the Dungeon.
             The game lasted 00:00:55 (2665 turns).

qw the Skirmisher (Deep Elf Hunter)                 Turns: 2665, Time: 00:00:56

Health: -1/29      AC:  5    Str: 10    XL:     5   Next: 14%
Magic:  7/7        EV: 11    Int: 14    God:
Gold:   161        SH:  0    Dex: 18    Spells: 4/4 levels left

rFire   . . .        a - +0 shortbow
rCold   . . .        (shield currently unavailable)
rNeg    . . .        f - +0 ring mail
rPois   .            (no helmet)
rElec   .            (no cloak)
rCorr   .            (no gloves)
SInv    .            (no boots)
Will    .....        (no amulet)
Stlth   +            (no ring)
HPRegen 0.24/turn    (no ring)
MPRegen 0.10/turn

%: no passive effects
@: lethally poisoned (-1 -> -14), about to teleport
A: no striking features
a: no special abilities


You were on level 4 of the Dungeon.
You visited 1 branch of the dungeon, and saw 4 of its levels.

You collected 161 gold pieces.


   Skills:
 - Level 1.5 Fighting
 + Level 8.6 Ranged Weapons
 - Level 2.4 Dodging
 - Level 1.2 Stealth


You had 4 spell levels left.
You didn't know any spells.
Your spell library was empty.

Inventory:

Hand Weapons
 a - a +0 shortbow (weapon)
Armour
 f - a +0 ring mail (worn)
Scrolls
 b - a scroll of noise {unknown}
 c - a scroll of fear {unknown}
Potions
 d - 2 potions of curing
 g - a potion of might
 h - a potion of magic {unknown}
 i - a potion of heal wounds {unknown}

Dungeon Overview and Level Annotations

Branches:
Dungeon (4/15)
 Temple: D:4-7

Altars:
Ashenzari
Cheibriados
Kikubaaqudgha


Message History

The scorpion is lightly wounded.
You shoot an arrow. The arrow barely misses the scorpion.
You shoot an arrow. The arrow barely misses the scorpion.
You shoot an arrow. The arrow hits the scorpion.
The scorpion is moderately wounded.
The scorpion barely misses you.
The scorpion stings you but does no damage.
You shoot an arrow. The arrow hits the scorpion.
The scorpion is heavily wounded.
The scorpion stings you but does no damage.
The goblin closely misses you.
You shoot an arrow. The arrow hits the scorpion.
The scorpion is almost dead.
The scorpion stings you. The goblin hits you but does no damage.
You shoot an arrow. The arrow barely misses the scorpion.
The scorpion stings you. The goblin misses you. The scorpion stings you!
You shoot an arrow. The arrow hits the scorpion.
The scorpion is almost dead.
The goblin hits you with a +0 club. The scorpion closely misses you.
You shoot an arrow. The arrow closely misses the scorpion.
The scorpion stings you! The goblin closely misses you.
The scorpion barely misses you.
You shoot an arrow. The arrow closely misses the scorpion.
The goblin hits you but does no damage. The scorpion stings you.
You are poisoned.
The scorpion poisons you! The goblin misses you.
You shoot an arrow.
The arrow completely misses the scorpion.
You feel sick. The scorpion closely misses you.
The goblin hits you with a +0 club.
2664 ||| READING scroll of teleportation.
As you read the scroll of teleportation, it crumbles to dust.
You feel strangely unstable.
You feel sick. The scorpion stings you.
You are more poisoned.
The scorpion poisons you! The goblin hits you but does no damage.
The scorpion stings you but does no damage.
You shoot an arrow. The arrow hits the scorpion.
You kill the scorpion!
You die...

####### ......########
####........##
#.....###....# #.###.#
#.#..#
##.###.###.###########.##
..................%......
###....##########.######.
#.............@..#
###.############g#.#
...<....... ..#...
...#.###### #......?. ...
.# #..[.....# ... ..
#........# ... ...
#........# ... ....
#..... ... .....


You could see a goblin.

Vanquished Creatures
  A scorpion (D:4)
  Terence (D:2)
  A river rat (D:3)
  5 adders
  3 ribbon worms
  4 dart slugs
  6 ball pythons
  3 endoplasms
  6 giant cockroaches
  2 goblins (D:1)
  9 hobgoblins
  2 quokkas
  4 bats
  6 frilled lizards
  7 kobolds
  7 rats
67 creatures vanquished.

Notes
Turn   | Place    | Note
-------+----------+-------------------------------------------
     0 | D:1      | qw the Deep Elf Hunter began the quest for the Orb.
     0 | D:1      | Reached XP level 1. HP: 12/12 MP: 3/3
     0 | D:1      | 0 ||| qw: Version: 0.3-a-155-g5e7d8dd
     0 | D:1      | 0 ||| qw: Game counter: 2969
     0 | D:1      | 0 ||| qw: Melee chars always use a shield: true
     0 | D:1      | 0 ||| qw: God list: Okawaru
     0 | D:1      | 0 ||| qw: Allow faded altars: false
     0 | D:1      | 0 ||| qw: Do Orc after clearing Dungeon:15 true
     0 | D:1      | 0 ||| qw: Do second Lair branch before Depths: true
     0 | D:1      | 0 ||| qw: Lair rune preference: random
     0 | D:1      | 0 ||| qw: Goals: Normal
     0 | D:1      | 0 ||| PLANNING D:1-11
   120 | D:1      | Reached skill level 6 in Ranged Weapons
   120 | D:1      | Reached XP level 2. HP: 15/16 MP: 4/4
   395 | D:1      | Reached XP level 3. HP: 20/20 MP: 5/5
   605 | D:1      | 605 ||| READING 2 scrolls labelled FIYTAIRIMI.
   605 | D:1      | 605 ||| IDENTIFYING bubbling silvery potion
   606 | D:1      | 606 ||| READING scroll of identify.
   606 | D:1      | 606 ||| IDENTIFYING golden potion
   607 | D:1      | 607 ||| DRINKING 2 bubbling red potions.
   651 | D:1      | 651 ||| DROPPING scroll of butterflies.
   652 | D:1      | 652 ||| DROPPING potion of lignification.
   653 | D:1      | 653 ||| DROPPING potion of degeneration.
   851 | D:2      | Found a broken altar of Ashenzari.
   953 | D:2      | Reached skill level 7 in Ranged Weapons
   972 | D:2      | Noticed Terence
   985 | D:2      | HP: 3/20 [Terence/+0 trident (5)]
   986 | D:2      | Killed Terence
   987 | D:2      | Reached XP level 4. HP: 5/25 MP: 6/6
  1372 | D:2      | Found a faded altar of an unknown god.
  1379 | D:2      | 1379 ||| UPGRADING to +0 ring mail.
  1389 | D:2      | 1389 ||| DROPPING +0 leather armour.
  1390 | D:2      | 1390 ||| DROPPING ring of magical power.
  1391 | D:2      | 1391 ||| READING scroll of identify.
  1391 | D:2      | 1391 ||| IDENTIFYING sedimented yellow potion
  1392 | D:2      | 1392 ||| READING scroll labelled JOTOFE ROPETZ.
  1397 | D:2      | 1397 ||| DROPPING potion of brilliance.
  1421 | D:3      | 1421 ||| PLANNING SEWER
  1640 | D:3      | Reached skill level 8 in Ranged Weapons
  1942 | D:3      | Found a snail-covered altar of Cheibriados.
  2056 | D:3      | 2056 ||| RIP SEWER
  2077 | D:3      | 2077 ||| PLANNING D:1-11
  2206 | D:3      | Found an ancient bone altar of Kikubaaqudgha.
  2275 | D:3      | Reached XP level 5. HP: 24/29 MP: 7/7
  2275 | D:3      | 2275 ||| FLEEEEING.
  2276 | D:3      | 2276 ||| FLEEEEING.
  2277 | D:3      | 2277 ||| FLEEEEING.
  2278 | D:3      | 2278 ||| FLEEEEING.
  2279 | D:3      | 2279 ||| FLEEEEING.
  2280 | D:3      | 2280 ||| FLEEEEING.
  2281 | D:3      | 2281 ||| FLEEEEING.
  2284 | D:3      | 2284 ||| FLEEEEING.
  2285 | D:3      | 2285 ||| FLEEEEING.
  2424 | D:3      | 2424 ||| READING scroll of identify.
  2424 | D:3      | 2424 ||| IDENTIFYING clear potion
  2425 | D:3      | 2425 ||| READING scroll labelled XOISA AVUULURE.
  2426 | D:3      | 2426 ||| READING 2 scrolls labelled MEMY WUYNEYF.
  2427 | D:3      | 2427 ||| READING scroll labelled YKKYMPYRUAJ.
  2428 | D:3      | 2428 ||| DRINKING 2 black potions.
  2429 | D:3      | 2429 ||| FLEEEEING.
  2430 | D:3      | 2430 ||| FLEEEEING.
  2431 | D:3      | 2431 ||| FLEEEEING.
  2432 | D:3      | 2432 ||| FLEEEEING.
  2433 | D:3      | 2433 ||| STAIRDANCE
  2435 | D:2      | 2435 ||| FLEEEEING.
  2436 | D:2      | 2436 ||| FLEEEEING.
  2437 | D:2      | 2437 ||| FLEEEEING.
  2438 | D:2      | 2438 ||| FLEEEEING.
  2439 | D:2      | 2439 ||| FLEEEEING.
  2440 | D:2      | 2440 ||| FLEEEEING.
  2441 | D:2      | 2441 ||| FLEEEEING.
  2442 | D:2      | 2442 ||| FLEEEEING.
  2443 | D:2      | 2443 ||| FLEEEEING.
  2444 | D:2      | 2444 ||| FLEEEEING.
  2445 | D:2      | 2445 ||| FLEEEEING.
  2446 | D:2      | 2446 ||| FLEEEEING.
  2447 | D:2      | 2447 ||| FLEEEEING.
  2448 | D:2      | 2448 ||| FLEEEEING.
  2449 | D:2      | 2449 ||| FLEEEEING.
  2450 | D:2      | 2450 ||| FLEEEEING.
  2451 | D:2      | 2451 ||| FLEEEEING.
  2452 | D:2      | 2452 ||| FLEEEEING.
  2453 | D:2      | 2453 ||| FLEEEEING.
  2454 | D:2      | 2454 ||| FLEEEEING.
  2455 | D:2      | 2455 ||| FLEEEEING.
  2456 | D:2      | 2456 ||| FLEEEEING.
  2457 | D:2      | 2457 ||| FLEEEEING.
  2458 | D:2      | 2458 ||| FLEEEEING.
  2459 | D:2      | 2459 ||| FLEEEEING.
  2460 | D:2      | 2460 ||| FLEEEEING.
  2461 | D:2      | 2461 ||| FLEEEEING.
  2462 | D:2      | 2462 ||| STAIRDANCE
  2564 | D:1      | 2564 ||| DROPPING potion of berserk rage.
  2565 | D:1      | 2565 ||| DROPPING scroll of revelation.
  2663 | D:4      | HP: 7/29 [poisoned by a scorpion]
  2664 | D:4      | 2664 ||| READING scroll of teleportation.
  2664 | D:4      | HP: 2/29 [scorpion (2)]
  2665 | D:4      | Succumbed to a scorpion's poison

Levels and vault maps discovered:
D:1:      wander_arrival_chamber, layout_loops_ring
D:2:      minmay_recursive_quarters, layout_basic,
          chequers_ecumenical_altar_simple, basic_altar, uniq_terence
D:3:      layout_basic, mainiacjoe_overflow_alcove_4, kennysheep_slug_shrine,
          mainiacjoe_sewer_entry_somewhere_in_here_2
D:4:      layout_basic, nicolae_tso_besieged_by_evil,
          minmay_misc_feat_secret_circle, uniq_edmund

Skill      XL: |  1  2  3  4 |
---------------+-------------+-----
Ranged Weapons | 6 7 8 |  8.6
Fighting       | |  1.5
Dodging        | |  2.4
Stealth        | |  1.2

Action                     |  1- 3 |  4- 6 || total
---------------------------+-------+-------++-------
   Fire: Shortbow          |   128 |   104 ||   232
    Use: Scroll            |     2 |     7 ||     9
         Potion            |     1 |     1 ||     2
 Armour: Leather armour    |    28 |     5 ||    33
         Ring mail         |       |    28 ||    28
  Dodge: Dodged            |    36 |    28 ||    64

Table legend:
 A = Non-vault XP
 B = Vault XP
 C = Vault XP percentage of total XP
 D = Non-vault monster count
 E = Vault monster count
 F = Vault count percentage of total count
                 A         B        C        D         E       F
            +---------+---------+-------+---------+---------+-------
      Total |     225 |      78 |  25.7 |      54 |      13 |  19.4
            +---------+---------+-------+---------+---------+-------
        D:1 |      41 |       0 |   0.0 |      22 |       0 |   0.0
        D:2 |      24 |      52 |  68.4 |      12 |       5 |  29.4
        D:3 |      66 |      26 |  28.3 |      18 |       8 |  30.8
        D:4 |      94 |       0 |   0.0 |       2 |       0 |   0.0
            +---------+---------+-------+---------+---------+-------
